 Dungeon Crawl Stone Soup version 0.31-a0-1611-g890cdf5628 (webtiles) character file.

Game seed: 17648888593930453592

43 Curundu the Chopper (level 3, 0/31 HPs)
             Began as a Minotaur Berserker on Jan 9, 2024.
             Was a Believer of Trog.
             Slain by Sigmund
             ... wielding a +0 scythe
              (5 damage)
             ... on level 2 of the Dungeon.
             The game lasted 00:04:07 (1362 turns).

Curundu the Chopper (Minotaur Berserker)            Turns: 1362, Time: 00:04:08

Health: 0/31       AC:  6    Str: 23    XL:     3   Next: 37%
Magic:  2/2        EV: 10    Int:  4    God:    Trog [**....]
Gold:   56         SH:  3    Dex:  9    Spells: 2/2 levels left

rFire   . . .        a - +0 hand axe
rCold   . . .        b - +0 buckler
rNeg    . . .        h - +0 ring mail
rPois   .            (helmet restricted)
rElec   .            (no cloak)
rCorr   .            i - +0 pair of gloves
SInv    .            (no boots)
Will    +....        (no amulet) Stlth
                     d - ring of willpower
HPRegen 0.25/turn    (no ring)
MPRegen 0.08/turn

%: no passive effects
@: no status effects
A: horns 2, retaliatory headbutt
a: Renounce Religion, Berserk, Trog's Hand


You were on level 2 of the Dungeon.
You worshipped Trog.
Trog was pleased with you.
You visited 1 branch of the dungeon, and saw 2 of its levels.

You collected 56 gold pieces.

Inventory:

Hand Weapons
 a - a +0 hand axe (weapon)
Missiles
 c - 2 poisoned darts (quivered)
 k - 2 darts of dispersal
Armour
 b - a +0 buckler (worn)
 h - a +0 ring mail (worn)
 i - a +0 pair of gloves (worn)
Jewellery
 d - a ring of willpower (left hand)
Wands
 g - a wand of flame (21)
Scrolls
 j - a scroll of identify
Potions
 e - 2 potions of curing
 f - a potion of heal wounds


   Skills:
 - Level 3.6 Fighting
 + Level 5.4 Axes
 - Level 2.4 Armour
 - Level 2.1 Dodging


You had 2 spell levels left.
You didn't know any spells.
Your spell library was empty.

Dungeon Overview and Level Annotations

Branches:
Dungeon (2/15)

Altars:

Annotations:
D:2 Sigmund


Innate Abilities, Weirdness & Mutations

You have a pair of horns on your head.
You reflexively headbutt those who attack you in melee.


Message History

Sigmund the Dreaded comes into view.
He is wielding a +0 scythe.
Sigmund shouts!
You hear a loud squeak.
A rat comes into view.
Sigmund mumbles some strange words.
Sigmund flickers and vanishes!
Deactivating autopickup; reactivate with Ctrl-A.
A hound comes into view.
The hound barks!
The rat twitches its whiskers.
The rat barely misses you.
A giant cockroach comes into view.
You hit the rat. You headbutt the rat.
You kill the rat!
Trog accepts your kill. Something hits you but does no damage.
You closely miss the hound. The hound bites you.
Something completely misses you. The hound bites you.
You barely miss the hound. The hound barely misses you.
You closely miss the hound. The hound barely misses you.
You furiously retaliate!
You headbutt the hound! Something hits you. You block the hound's attack.
You barely miss the hound.
The hound is heavily wounded.
The hound bites you but does no damage. Something hits you.
You hit the hound.
The hound is almost dead.
The hound bites you but does no damage. You block the hound's attack.
The giant cockroach waves its antennae.
You hit the hound but do no damage. Your headbutt misses the hound.
The hound is almost dead.
Something hits you!
* * * LOW HITPOINT WARNING * * *
The hound bites you.
* * * LOW HITPOINT WARNING * * *
You miss the hound. Your headbutt misses the hound.
The hound is almost dead.
The hound bites you but does no damage. The hound bites you.
* * * LOW HITPOINT WARNING * * *
Something hits you.
You die...

# #.###
##....##......[.#
#...###
##...######..#.#
###...### ##..#
#.##.# ###...#
##.# #>##.# ###.#
##.# #.##.# #.##
#..# #.##.#
#..###.## #.##.#
#.######....^.#
#.##.#
#........#@####
#.# ##########h#
#.# ##8##8###{#
.......'.B#
##8##8##..# #
##.# #...>.<..@.#
####.##.r... #..
####


You could see a hound and a giant cockroach.

Vanquished Creatures
  An adder (D:2)
  A dart slug (D:1)
  A bat (D:1)
  4 endoplasms
  A giant cockroach (D:1)
  A goblin (D:1)
  4 hobgoblins (D:1)
  2 kobolds
  2 quokkas (D:1)
  6 ball pythons
  2 frilled lizards (D:1)
  4 rats
29 creatures vanquished.

Notes
Turn   | Place    | Note
-------+----------+-------------------------------------------
     0 | D:1      | Curundu the Minotaur Berserker began the quest for the Orb.
     0 | D:1      | Reached XP level 1. HP: 19/19 MP: 0/0
    44 | D:1      | Reached skill level 4 in Axes
   224 | D:1      | Reached XP level 2. HP: 20/26 MP: 1/1
   461 | D:1      | Found a faded altar of an unknown god.
   647 | D:1      | Reached skill level 5 in Axes
   893 | D:1      | Reached XP level 3. HP: 31/31 MP: 2/2
  1182 | D:2      | Reached ** piety under Trog
  1202 | D:2      | Identified the +4 ring mail of the Hart {+Inv Regen+ Int+4
                  | Dex-2}
  1345 | D:2      | Noticed Sigmund
  1362 | D:2      | Slain by Sigmund

Illustrated notes

Levels and vault maps discovered:
D:1:      matt_arrival_los_fun, layout_basic, nicolae_ecumenical_snake_handling,
          minmay_crystal_water, minmay_misc_feat_nine_boxes, nrook_mini_vaults
D:2:      layout_rooms, grunt_decor_mini_mirrors, dk_noncrumbling_2,
          minmay_crystal_room, uniq_sigmund

Skill      XL: |  1  2 |
---------------+-------+-----
Axes           | 4 5 |  5.4
Fighting       | |  3.6
Armour         | |  2.4
Dodging        | |  2.1

Action                     || total
---------------------------++-------
  Melee: Hand axe          ||    66
         Headbutt          ||     9
    Use: Scroll            ||     3
 Armour: Animal skin       ||    29
         Ring mail         ||    21
  Dodge: Dodged            ||    39
  Block: Buckler           ||     8

Table legend: (Time is in decaauts)
 A = Elapsed time spent in this place.
 B = Non-inter-level travel time spent in this place.
 C = Inter-level travel time spent in this place.
 D = Time resting spent in this place.
 E = Time spent auto-exploring this place.
 F = Levels seen in this place.
 G = Mean time per level.
                   A        B        C        D        E       F      G
               +--------+--------+--------+--------+--------+-----+--------+
         Total |   1366 |   1366 |      0 |      0 |   1009 |   2 |  683.0 |
       Dungeon |   1366 |   1366 |      0 |      0 |   1009 |   2 |  683.0 |
               +--------+--------+--------+--------+--------+-----+--------+

Top non-repeatable levels by time:
     D:1: 1138 daAuts
     D:2: 228 daAuts
